 Dungeon Crawl Stone Soup version 0.30-a0-528-g8c47a4955b (webtiles) character file.

Game seed: 2160538738121536336

116 tkbsonic5 the Covered (level 4, -3/41 HPs)
             Began as a Minotaur Fighter on Dec 23, 2022.
             Slain by Grinder (7 damage)
             ... on level 2 of the Dungeon.
             The game lasted 00:06:34 (2238 turns).

tkbsonic5 the Covered (Minotaur Fighter)            Turns: 2238, Time: 00:06:34

Health: -3/41      AC: 15    Str: 21    XL:     4   Next: 69%
Magic:  3/3        EV:  9    Int:  5    God:
Gold:   58         SH:  5    Dex: 11    Spells: 3/3 levels left

rFire   . . .      SeeInvis .    d - +2 flail (protect)
rCold   . . .      Faith    .    c - +0 buckler
rNeg    . . .      Spirit   .    b - +0 scale mail
rPois   .          Reflect  .    (helmet restricted)
rElec   .          Harm     .    i - +0 cloak
rCorr   .          Rampage  .    (no gloves)
Will    .....                    (no boots) Stlth
                                 m - amulet of the acrobat
HPRegen 0.26/turn                (no ring)
MPRegen 0.08/turn                (no ring)

@: under a protective aura
A: horns 2, retaliatory headbutt
a: no special abilities


You were on level 2 of the Dungeon.
You visited 1 branch of the dungeon, and saw 3 of its levels.

You collected 58 gold pieces.

Inventory:

Hand Weapons
 a - a +0 trident
 d - a +2 flail of protection (weapon)
 e - a +1 whip of flaming
 g - a +0 war axe
 n - a +0 whip of venom
Missiles
 f - a boomerang (quivered)
Armour
 b - a +0 scale mail (worn)
 c - a +0 buckler (worn)
 i - a +0 cloak (worn)
 j - a +2 leather armour of cold resistance
Jewellery
 m - an amulet of the acrobat (around neck)
Scrolls
 k - a scroll of magic mapping
Potions
 o - a potion of flight


   Skills:
 * Level 4.5 Fighting
 - Level 1.1(2.3) Axes
 + Level 0.0(0.6) Maces & Flails
 - Level 3.1(3.2) Polearms
 + Level 0.2 Throwing
 * Level 4.5 Armour
 * Level 0.3 Dodging
 * Level 4.5 Shields


You had 3 spell levels left.
You didn't know any spells.
Your spell library contained the following spells:

 Spells                   Type           Power      Damage    Failure   Level
 Ozocubu's Armour         Ice            0%         N/A       99%         3
 Ozocubu's Refrigeration  Ice            0%         4d7       100%        7


Dungeon Overview and Level Annotations

Branches:
Dungeon (3/15)

Altars:

Shops:
D:2 (

Annotations:
D:2 Grinder
D:3 Natasha


Innate Abilities, Weirdness & Mutations

You have a pair of horns on your head.
You reflexively headbutt those who attack you in melee.


Message History

You headbutt the ball python!
You kill the ball python!
Grinder gestures at you.
You suddenly lose the ability to move!
The kobold throws a poisoned dart.
The poisoned dart hits you!
You are poisoned.
Natasha casts a spell.
You feel sick. Grinder hits you but does no damage.
You feel sick. Grinder gestures at you.
You barely resist. The kobold hits you with a +0 whip.
The endoplasm freezes you.
You are frozen.
The crimson imp hits you but does no damage.
You feel sick. Grinder hits you but does no damage.
The kobold hits you but does no damage.
The endoplasm hits you but does no damage.
The crimson imp hits you but does no damage.
You can move again.
There is a stone staircase leading up here.
You feel sick. You block the kobold's attack. You block the endoplasm's attack.
Grinder hits you but does no damage.
The crimson imp hits you but does no damage.
You climb upwards.
Reactivating autopickup.
You feel sick.
There is a stone staircase leading down here.
As you read the scroll labelled BUSHRIEKK ICUSE, it crumbles to dust.
The scroll dissolves into smoke.
It was a scroll of fog.
You feel sick. You block the kobold's attack. The endoplasm closely misses you.
Grinder hits you.
* * * LOW HITPOINT WARNING * * *
Okay, then.
You hit the kobold.
Your weapon exudes an aura of protection.
You kill the kobold!
You feel sick.
You are no longer poisoned.
You block the endoplasm's attack. Grinder hits you!
You die...

.#......#.##.#.#
..........##.#.#
.##...######.#.###########
............##..##..##...#
......####.##(.......##.##
......# #............#.#
......# ###..§§§.....#.#
......# ##..§§§...##.#
......# ##.§§@§...##.#
.###### #...5§J....#.#
....# #..........#.# ....#
##........##[# ....#
##..##..###.# ....#
##......##.# ....#
######....# ....# ####.#
....# #.#


You could see Grinder and an endoplasm.

Vanquished Creatures
  An orc priest (D:3)
  2 adders
  A dart slug (D:1)
  9 orcs
  4 ball pythons
  3 endoplasms
  2 giant cockroaches
  2 goblins
  5 hobgoblins
  4 jackals (D:1)
  A quokka (D:3)
  7 bats
  3 frilled lizards
  6 kobolds
  5 rats
55 creatures vanquished.

Notes
Turn   | Place    | Note
-------+----------+-------------------------------------------
     0 | D:1      | tkbsonic5 the Minotaur Fighter began the quest for the Orb.
     0 | D:1      | Reached XP level 1. HP: 19/19 MP: 0/0
   211 | D:1      | Reached XP level 2. HP: 27/27 MP: 1/1
   863 | D:2      | Reached XP level 3. HP: 33/33 MP: 2/2
   894 | D:2      | Found Hemmab's Weapon Boutique.
  1151 | D:2      | Found a faded altar of an unknown god.
  1873 | D:3      | Reached skill level 1 in Axes
  1884 | D:3      | Reached XP level 4. HP: 7/41 MP: 3/3
  2201 | D:3      | Noticed Natasha
  2206 | D:3      | Noticed Grinder
  2230 | D:3      | Paralysed by Grinder for 5 turns
  2238 | D:2      | Slain by Grinder

Illustrated notes

Levels and vault maps discovered:
D:1:      spicycebolla_green_bress_n_ham_2, layout_basic, nrook_loot_triangle
D:2:      layout_basic, shapermc_ecumenical_altar_flowoftime, serial_shops,
          nicolae_shop_bloodbath_and_beyond, st_stairs_5
D:3:      layout_rooms, nicolae_gozag_conspicuous_consumption, uniq_natasha,
          uniq_grinder

Skill      XL: |  1  2  3 |
---------------+----------+-----
Armour         | 4 |  4.5
Fighting       | 4 |  4.5
Shields        | 4 |  4.5
Axes           | 1 |  1.1
Polearms       | 3 |  3.1
Throwing       | |  0.2
Dodging        | |  0.3

Action                   |  1- 3 |  4- 6 || total
-------------------------+-------+-------++-------
Melee: Trident           |    94 |     8 ||   102
       Headbutt          |     5 |     4 ||     9
       Flail             |       |    30 ||    30
  Use: Scroll            |     7 |     2 ||     9
       Potion            |     2 |       ||     2
Armor: Scale mail        |    31 |    37 ||    68
Dodge: Dodged            |    36 |    23 ||    59
Block: Buckler           |    22 |    15 ||    37

Table legend: (Time is in decaauts)
 A = Elapsed time spent in this place.
 B = Non-inter-level travel time spent in this place.
 C = Inter-level travel time spent in this place.
 D = Time resting spent in this place.
 E = Time spent auto-exploring this place.
 F = Levels seen in this place.
 G = Mean time per level.
                   A        B        C        D        E       F      G
               +--------+--------+--------+--------+--------+-----+--------+
         Total |   2258 |   2164 |     94 |    195 |   1568 |   3 |  752.7 |
       Dungeon |   2258 |   2164 |     94 |    195 |   1568 |   3 |  752.7 |
               +--------+--------+--------+--------+--------+-----+--------+

Top non-repeatable levels by time:
     D:2: 1295 daAuts
     D:1: 823 daAuts
     D:3: 140 daAuts
